AoeStats
← PeterMT2699

Nomad

509604013Analyzed
3v3 RM · 5d ago on Sep 27, 2026· 45m 18s· 6 players
Game mode
Random Map
Map size
210×210
Population
200
Speed
Normal
Resources
Standard
Victory
Conquest
Starting age
Dark Age
Ending age
Imperial Age
RankedLock teamsTeams togetherTeam positionsShared explorationLock speedFull tech treeHidden civsTurbo modeCheats
Victory
Defeat
🇻🇳 Britons · Vietnam
947
+15
🇹🇷 Burgundians · Türkiye
941
+29
🇨🇳 Persians · China
915
+16
🇨🇳 Dravidians · China
1105
-22
🇨🇳 Inca · China
863
-13
🇨🇳 Japanese · China
811
-11
aksoy14537540
4:48 Loom
11:57 Double-Bit Axe
12:50 Horse Collar
15:34 Feudal Age
16:04 Fishing Lines
16:56 Bow Saw
20:57 Castle Age
19:59 Heavy Plow
19:54 Gillnets
21:07 Gold Mining
21:27 Scale Barding Armor
21:32 Forging
21:02 Cavalier
21:42 Husbandry
22:45 Wheelbarrow
22:35 Chain Barding Armor
24:10 Gold Shaft Mining
27:37 Two-Man Saw
32:27 Imperial Age
33:46 Paladin
38:48 Hand Cart
40:32 Plate Barding Armor
40:33 Iron Casting
41:11 Light Cavalry
44:07 Chemistry
43:28 Ballistics
PeterMT2699
7:03 Loom
14:39 Feudal Age
20:55 Castle Age
18:46 Horse Collar
21:36 Double-Bit Axe
22:07 Stone Mining
23:22 Wheelbarrow
28:14 Fletching
28:25 Padded Archer Armor
30:24 Bodkin Arrow
35:16 Leather Archer Armor
36:40 Pikeman
37:21 Squires
37:29 Scale Mail Armor
37:40 Forging
38:37 Hand Cart
38:08 Town Watch
39:03 Chain Mail Armor
41:30 Imperial Age
39:55 Chain Mail Armor
41:36 Yeomen
43:12 Chemistry
42:16 Warwolf
42:46 Capped Ram
43:34 Bracer
44:05 Ring Archer Armor
fly
5:44 Loom
15:25 Feudal Age
19:47 Castle Age
18:36 Stone Mining
18:36 Gold Mining
18:34 Double-Bit Axe
20:08 Town Watch
20:39 Bow Saw
23:00 Horse Collar
26:20 Fletching
30:23 Bloodlines
31:30 Bodkin Arrow
34:21 Kamandaran
39:08 Imperial Age
36:55 Crossbowman
37:44 Padded Archer Armor
38:18 Ballistics
38:43 Wheelbarrow
40:49 Chemistry
40:26 Conscription
40:53 Thumb Ring
42:32 Husbandry
42:48 Leather Archer Armor
44:32 Ring Archer Armor
45:34 Scale Barding Armor
45:39 Forging
wujiang
4:43 Loom
15:52 Feudal Age
16:45 Double-Bit Axe
20:00 Castle Age
19:16 Fletching
19:28 Padded Archer Armor
19:23 Gold Mining
20:57 Wheelbarrow
21:15 Bow Saw
21:07 Bodkin Arrow
21:28 Leather Archer Armor
21:17 Husbandry
24:07 Hand Cart
25:04 Stone Mining
30:01 Horse Collar
古月方源
18:11 Loom
20:25 Feudal Age
22:36 Double-Bit Axe
25:06 Castle Age
23:37 Scale Mail Armor
23:48 Forging
25:45 Champi Runner
26:26 Squires
26:11 Arson
27:02 Bow Saw
27:26 Chain Mail Armor
26:34 Champi Warrior
34:21 Wheelbarrow
34:49 Iron Casting
40:57 Imperial Age
38:13 Town Watch
40:25 Gold Mining
40:15 Horse Collar
41:43 Elite Champi Warrior
43:26 Conscription
45:08 Plate Mail Armor
OmO
14:44 Loom
17:46 Feudal Age
21:17 Castle Age
19:05 Double-Bit Axe
20:01 Fishing Lines
21:16 Wheelbarrow
20:26 Horse Collar
22:23 Wheelbarrow
22:10 Gillnets
22:44 Forging
23:30 Scale Mail Armor
24:53 Medium Warships
25:53 Iron Casting
28:01 Chain Mail Armor
28:20 Town Watch
32:21 Elite Skirmisher
33:05 Padded Archer Armor
33:56 Bow Saw
33:38 Gold Mining
34:48 Leather Archer Armor
34:24 Fletching
35:20 Hand Cart
37:10 Heavy Plow
37:54 Gold Shaft Mining
38:17 Squires
38:03 Arson
38:03 Gambesons
37:40 Pikeman
38:39 Thumb Ring
40:55 Bodkin Arrow
Connection lost

Rejoining the realm…

Still unreachable

The connection could not be restored.

Session expired

The server has moved on; the page needs a fresh start.